Hershey Bears vs Worcester Sharks

Created - 15 avril 2020 at 17:04

Goals
1 2 3 T
Hershey Bears 1 0 4 5
Worcester Sharks 0 1 1 2
Shots
1 2 3 T
Hershey Bears 12 9 11 32
Worcester Sharks 6 11 6 23

1st period

1. Hershey Bears , Brett Howden 47 (Nick DeSimone 44) at 16:38

Penalties :
No Penalty

2nd period

2. Worcester Sharks , Remi Elie 37 (Travis Boyd 65, Christian Wolanin 77) at 16:28

Penalties :
Cory Conacher (BEA) for Tripping (Minor) at 13:28, Darren Raddysh (SRK) for Hooking (Minor) at 19:56

3rd period

3. Hershey Bears , Brett Howden 48 (Cory Conacher 80, Nicolas Roy 38) at 0:15 (PP)
4. Hershey Bears , Ross Colton 29 (Matt Donovan 34, Nicolas Roy 39) at 7:17
5. Worcester Sharks , John McCarthy 29 (Nikita Jevpalovs 28) at 9:06
6. Hershey Bears , Colby Cave 40 (Brendan Gaunce 38) at 13:08
7. Hershey Bears , Cory Conacher 55 (Brett Howden 92, Nick DeSimone 45) at 13:24

Penalties :
Brendan Gaunce (BEA) for Hooking (Minor) at 2:01, Travis St. Denis (BEA) for Elbowing (Minor) at 16:11

Goalie Stats

Devin Williams (BEA), 21 saves from 23 shots - (0,913), W, 35-16-5, 60:00 minutes
Eric Comrie (SRK), 27 saves from 32 shots - (0,844), L, 31-13-4, 60:00 minutes

Players Stats for Hershey Bears

Player Name              G  A  P  +/- PIM S  H  SB GA TA FO     MP     PP MP  PK MP  
------------------------------------------------------------------------------------
Boo Nieves               0  0  0  -1  0   2  0  0  1  0  3/4    12:33   0:00   0:00 
Brendan Gaunce           0  1  1   1  2   2  4  0  0  0  4/11   16:34   0:00   1:51 
Brett Howden             2  1  3   1  0   5  1  0  0  1  14/24  17:28   0:19   0:00 
Brett Pollock            0  0  0  -1  0   1  2  0  2  1  0/0    11:42   0:00   0:00 
Colby Cave               1  0  1   1  0   3  1  1  1  0  4/4    17:52   0:00   3:22 
Colby Sissons            0  0  0  -1  0   0  2  2  0  1  0/0    14:33   0:00   0:00 
Cory Conacher            1  1  2   1  2   6  3  0  0  1  1/1    19:43   0:19   1:36 
Dalton Prout             0  0  0   3  0   2  1  0  1  2  0/0    25:31   0:00   3:23 
Igor Ozhiganov           0  0  0   0  0   0  2  0  0  0  0/0    19:14   0:00   2:11 
Marian Studenic          0  0  0   1  0   3  1  0  1  0  0/0    12:52   0:00   2:22 
Matheson Iacopelli       0  0  0  -1  0   1  2  0  0  0  0/0    11:42   0:00   0:00 
Matt Donovan             0  1  1   0  0   2  1  0  0  1  0/0    19:56   0:19   2:34 
Nick DeSimone            0  2  2   3  0   0  3  2  0  1  0/0    26:56   0:19   3:23 
Nicolas Roy              0  2  2   1  0   2  1  0  0  0  3/5    17:58   0:19   1:50 
Riley Stillman           0  0  0  -1  0   0  0  1  0  0  0/0    13:50   0:00   0:23 
Ross Colton              1  0  1   1  0   1  1  0  0  0  0/0    10:32   0:00   0:42 
Teddy Blueger            0  0  0   1  0   1  4  1  0  0  1/2    10:30   0:00   0:11 
Travis St. Denis         0  0  0   1  2   1  2  0  0  0  1/1    14:34   0:00   0:00 

Players Stats for Worcester Sharks

Player Name              G  A  P  +/- PIM S  H  SB GA TA FO     MP     PP MP  PK MP  
------------------------------------------------------------------------------------
Brady Brassart           0  0  0   0  0   0  1  0  0  0  0/0     3:44   0:07   0:00 
Brett Kulak              0  0  0  -2  0   1  1  1  2  2  0/0    23:21   3:21   0:00 
Brian Gibbons            0  0  0  -3  0   0  2  0  1  0  1/1    18:41   3:03   0:00 
Christian Wolanin        0  1  1  -2  0   2  1  2  1  0  0/0    23:37   3:21   0:16 
Corban Knight            0  0  0   1  0   1  0  1  0  0  11/19  20:31   2:47   0:19 
Darren Raddysh           0  0  0   0  2   1  2  0  1  0  0/0    20:44   2:36   0:00 
David Gust               0  0  0   0  0   2  0  0  0  2  0/0    13:52   0:00   0:00 
Frank Corrado            0  0  0   0  0   3  0  0  0  1  0/0    15:17   0:00   0:03 
Garrett Pilon            0  0  0   0  0   0  0  0  0  0  2/3     6:37   0:00   0:00 
James de Haas            0  0  0   0  0   0  1  0  0  0  0/0    20:48   2:36   0:03 
Jim O'Brien              0  0  0   0  0   0  2  1  0  0  0/0     6:37   0:00   0:00 
John McCarthy            1  0  1   0  0   1  3  0  0  0  4/7    14:11   0:07   0:00 
Kenny Agostino           0  0  0  -3  0   3  1  1  0  0  1/1    22:31   3:03   0:00 
Kristians Rubins         0  0  0   0  0   0  1  1  0  0  0/0    15:34   0:00   0:16 
Nikita Jevpalovs         0  1  1   0  0   1  2  2  0  1  0/0    14:11   0:07   0:00 
Remi Elie                1  0  1   1  0   3  1  1  2  0  0/0    20:12   2:47   0:00 
Robert Thomas            0  0  0  -3  0   1  1  0  0  0  2/21   18:41   3:03   0:00 
Travis Boyd              0  1  1   1  0   4  2  1  1  0  0/0    20:31   2:47   0:19 

3 Stars

1 - Brett Howden (BEA)
2 - Nick DeSimone (BEA)
3 - Cory Conacher (BEA)

Power Play

Hershey Bears - 1 on 1 Attempt(s) - 100,00%
Worcester Sharks - 0 on 3 Attempt(s) - 0,00%

Penalty Kill

Hershey Bears - 3 on 3 Attempt(s) - 100,00% - Score 0 goal in Penalty Kill
Worcester Sharks - 0 on 1 Attempt(s) - 0,00% - Score 0 goal in Penalty Kill

Team Stat

Hershey Bears - Hits : 31 - Faceoff Wins : 31 - Blocked Shots : 7 - Penalty Minutes : 6
Worcester Sharks - Hits : 21 - Faceoff Wins : 21 - Blocked Shots : 11 - Penalty Minutes : 2

Official

Referees : Francis Charron and Brad Meier
Linesman : Shandor Alphonso and Lonnie Cameron

Game Notes

Teddy Blueger is injured at 13:39 of 2nd period (Left Eye)

Finance

Level 1 -- Attendance: 1761 (88,05%) -- Ticket Income 61 635 $
Level 2 -- Attendance: 777 (77,70%) -- Ticket Income 11 655 $
Total Attendance: 2538 (84,60%)
Total Ticket Income: 73 290 $
Other Income: 35 912 $
Total Income: 109 202 $

Hershey Bears

5 vs 5 Forward 
   Center                   Left Wing                Right Wing               Time % Phy DF OF 
 1 Brett Howden             Cory Conacher            Teddy Blueger            40     0   1  4  
 2 Brendan Gaunce           Colby Cave               Travis St. Denis         30     0   1  4  
 3 Nicolas Roy              Ross Colton              Marian Studenic          20     0   2  3  
 4 Boo Nieves               Matheson Iacopelli       Brett Pollock            10     0   2  3  

5 vs 5 Defense 
   Defense                  Defense                                           Time % Phy DF OF 
 1 Dalton Prout             Nick DeSimone                                     42     0   2  3  
 2 Igor Ozhiganov           Matt Donovan                                      33     0   2  3  
 3 Riley Stillman           Colby Sissons                                     25     0   2  3  
 4 Nick DeSimone            Colby Sissons                                     0      1   2  2  

PowerPlay Forward 
   Center                   Left Wing                Right Wing               Time % Phy DF OF 
 1 Brett Howden             Teddy Blueger            Cory Conacher            60     0   0  5  
 2 Brendan Gaunce           Ross Colton              Travis St. Denis         40     0   1  4  

PowerPlay Defense
   Defense                  Defense                                           Time % Phy DF OF 
 1 Nick DeSimone            Matt Donovan                                      60     0   1  4  
 2 Dalton Prout             Igor Ozhiganov                                    40     0   1  4  

Penalty Kill 4 Players Forward 
   Center                   Wing                     Time % Phy DF OF 
 1 Colby Cave               Teddy Blueger            60     0   4  1  
 2 Boo Nieves               Brendan Gaunce           40     0   4  1  

Penalty Kill 4 Players Defense
   Defense                  Defense                  Time % Phy DF OF 
 1 Nick DeSimone            Dalton Prout             60     0   4  1  
 2 Matt Donovan             Igor Ozhiganov           40     0   4  1  

Penalty Kill - 3 Players Forward 
   Forward                                           Time % Phy DF OF 
 1 Teddy Blueger                                     60     0   5  0  
 2 Colby Cave                                        40     0   5  0  

Penalty Kill - 3 Players Defense
   Defense                  Defense                  Time % Phy DF OF 
 1 Nick DeSimone            Dalton Prout             60     1   4  0  
 2 Matt Donovan             Igor Ozhiganov           40     1   4  0  

4 vs 4 Forward 
   Center                   Wing                     Time % Phy DF OF 
 1 Brett Howden             Teddy Blueger            60     0   1  4  
 2 Brendan Gaunce           Nicolas Roy              40     0   2  3  

4 vs 4 Defense
   Defense                  Defense                  Time % Phy DF OF 
 1 Nick DeSimone            Matt Donovan             60     0   1  4  
 2 Dalton Prout             Igor Ozhiganov           40     0   2  3  

Last Minutes Offensive
   Center                   Left Wing                Right Wing               Defense                  Defense                  
   Ross Colton              Teddy Blueger            Cory Conacher            Nick DeSimone            Matt Donovan             

Last Minutes Defensive
   Center                   Left Wing                Right Wing               Defense                  Defense                  
   Brett Howden             Colby Cave               Teddy Blueger            Dalton Prout             Nick DeSimone            

Goaltenders
Starting : Devin Williams           
Backup : Mike McKenna             

Extra Forwards
Normal : Nicolas Roy, Boo Nieves, Marian Studenic - PP : Nicolas Roy, Boo Nieves - PK : Marian Studenic
Extra Defensemen
Normal : Riley Stillman, Colby Sissons, Matt Donovan - PP : Riley Stillman - PK : Dalton Prout, Matt Donovan
Penalty Shots
Colby Cave, Brendan Gaunce, Cory Conacher, Nicolas Roy, Travis St. Denis

Scratches
Parker Wotherspoon (Healthy), Etienne Marcoux (Healthy)

Worcester Sharks

5 vs 5 Forward 
   Center                   Left Wing                Right Wing               Time % Phy DF OF 
 1 Robert Thomas            Kenny Agostino           Brian Gibbons            35     0   2  3  
 2 Corban Knight            Remi Elie                Travis Boyd              35     0   2  3  
 3 John McCarthy            David Gust               Nikita Jevpalovs         25     0   2  3  
 4 Garrett Pilon            Kenny Agostino           Jim O'Brien              5      1   2  2  

5 vs 5 Defense 
   Defense                  Defense                                           Time % Phy DF OF 
 1 Brett Kulak              Christian Wolanin                                 36     0   2  3  
 2 Darren Raddysh           James de Haas                                     34     0   2  3  
 3 Frank Corrado            Kristians Rubins                                  25     0   2  3  
 4 Brett Kulak              Christian Wolanin                                 5      1   2  2  

PowerPlay Forward 
   Center                   Left Wing                Right Wing               Time % Phy DF OF 
 1 Robert Thomas            Kenny Agostino           Brian Gibbons            55     0   1  4  
 2 Corban Knight            Remi Elie                Travis Boyd              45     0   1  4  

PowerPlay Defense
   Defense                  Defense                                           Time % Phy DF OF 
 1 Brett Kulak              Christian Wolanin                                 55     0   2  3  
 2 Darren Raddysh           James de Haas                                     45     0   2  3  

Penalty Kill 4 Players Forward 
   Center                   Wing                     Time % Phy DF OF 
 1 Corban Knight            Travis Boyd              55     0   4  1  
 2 Jim O'Brien              Brian Gibbons            45     0   4  1  

Penalty Kill 4 Players Defense
   Defense                  Defense                  Time % Phy DF OF 
 1 Kristians Rubins         Christian Wolanin        55     0   5  0  
 2 Darren Raddysh           James de Haas            45     0   5  0  

Penalty Kill - 3 Players Forward 
   Forward                                           Time % Phy DF OF 
 1 Corban Knight                                     55     0   5  0  
 2 Travis Boyd                                       45     0   5  0  

Penalty Kill - 3 Players Defense
   Defense                  Defense                  Time % Phy DF OF 
 1 Brett Kulak              Kristians Rubins         55     0   5  0  
 2 Darren Raddysh           James de Haas            45     0   5  0  

4 vs 4 Forward 
   Center                   Wing                     Time % Phy DF OF 
 1 Kenny Agostino           Robert Thomas            55     1   2  2  
 2 Brian Gibbons            Remi Elie                45     1   2  2  

4 vs 4 Defense
   Defense                  Defense                  Time % Phy DF OF 
 1 Brett Kulak              Christian Wolanin        55     1   2  2  
 2 Darren Raddysh           James de Haas            45     1   2  2  

Last Minutes Offensive
   Center                   Left Wing                Right Wing               Defense                  Defense                  
   Robert Thomas            Kenny Agostino           Brian Gibbons            Brett Kulak              Christian Wolanin        

Last Minutes Defensive
   Center                   Left Wing                Right Wing               Defense                  Defense                  
   Robert Thomas            Kenny Agostino           Brian Gibbons            Brett Kulak              Christian Wolanin        

Goaltenders
Starting : Eric Comrie              
Backup : Joonas Korpisalo         

Extra Forwards
Normal : Brady Brassart, John McCarthy, David Gust - PP : Brady Brassart, John McCarthy - PK : David Gust
Extra Defensemen
Normal : Christian Wolanin, Brett Kulak, Darren Raddysh - PP : James de Haas - PK : Brett Kulak, Darren Raddysh
Penalty Shots
Kenny Agostino, Robert Thomas, Brian Gibbons, Remi Elie, Corban Knight

Scratches
Nelson Nogier (Healthy), Emil Johansson (Healthy), Garret Ross (Healthy), Reid Gardiner (Healthy), John Nyberg (Healthy)
Michael Prapavessis (Healthy), Cooper Zech (Healthy), Hudson Elynuik (Healthy), Dylan Wells (Healthy), Jean-Francois Berube (Healthy)

% Time on Ice - Hershey Bears

Lines # - Real PCT - Wanted PCT - Time Play
Normal Forward
1 - 33% - 40% - 17:49
2 - 27% - 30% - 14:23
3 - 18% - 20% - 9:50
4 - 22% - 10% - 11:42
Normal Defense
1 - 41% - 42% - 22:08
2 - 32% - 33% - 17:03
3 - 25% - 25% - 13:27
4 - 2% - 0% - 1:06
PP Forward
1 - 100% - 60% - 0:19
2 - 0% - 40% - 0:00
PP Defense
1 - 100% - 60% - 0:19
2 - 0% - 40% - 0:00
PK Forward
1 - 100% - 60% - 5:57
2 - 0% - 40% - 0:00
PK Defense
1 - 63% - 60% - 3:46
2 - 37% - 40% - 2:11
PK3 Forward
1 - 0% - 60%
2 - 0% - 40%
PK3 Defense
1 - 0% - 60%
2 - 0% - 40%
44 Forward
1 - 0% - 60%
2 - 0% - 40%
44 Defense
1 - 0% - 60%
2 - 0% - 40%
Last Minute Offensive  - 0:00
Last Minute Defensive  - 0:00
Total
Forward - 60:00
Defense - 60:00

% Time on Ice - Worcester Sharks

Lines # - Real PCT - Wanted PCT - Time Play
Normal Forward
1 - 30% - 35% - 16:08
2 - 32% - 35% - 17:25
3 - 25% - 25% - 13:34
4 - 12% - 5% - 6:37
Normal Defense
1 - 35% - 36% - 18:58
2 - 33% - 34% - 17:56
3 - 28% - 25% - 15:14
4 - 3% - 5% - 1:36
PP Forward
1 - 53% - 55% - 3:10
2 - 47% - 45% - 2:47
PP Defense
1 - 56% - 55% - 3:21
2 - 44% - 45% - 2:36
PK Forward
1 - 100% - 55% - 0:19
2 - 0% - 45% - 0:00
PK Defense
1 - 84% - 55% - 0:16
2 - 16% - 45% - 0:03
PK3 Forward
1 - 0% - 55%
2 - 0% - 45%
PK3 Defense
1 - 0% - 55%
2 - 0% - 45%
44 Forward
1 - 0% - 55%
2 - 0% - 45%
44 Defense
1 - 0% - 55%
2 - 0% - 45%
Last Minute Offensive  - 0:00
Last Minute Defensive  - 0:00
Total
Forward - 60:00
Defense - 60:00

Play-by-Play

1st period


0:01 of 1st period - Robert Thomas wins face-off versus Brett Howden in neutral zone.
0:17 of 1st period - Off-side.
0:18 of 1st period - Brendan Gaunce wins face-off versus Corban Knight in neutral zone.
0:25 of 1st period - Backhand shot by Colby Cave.
0:25 of 1st period - Stopped by Eric Comrie with a rebound.
0:28 of 1st period - Icing by Darren Raddysh.
0:29 of 1st period - Nicolas Roy wins face-off versus Corban Knight in Worcester Sharks zone.
0:55 of 1st period - David Gust is hit by Colby Sissons and loses puck.
1:14 of 1st period - Colby Cave is hit by Robert Thomas and loses puck.
1:39 of 1st period - Snap shot by Brett Howden.
1:39 of 1st period - Shot Blocked by Kristians Rubins.
2:55 of 1st period - Brendan Gaunce is hit by Nikita Jevpalovs and loses puck.
3:14 of 1st period - Slapshot by Christian Wolanin.
3:14 of 1st period - Shot Misses the Net.
4:37 of 1st period - Icing by Frank Corrado.
4:38 of 1st period - Nicolas Roy wins face-off versus Robert Thomas in Worcester Sharks zone.
4:39 of 1st period - Wrist shot by Ross Colton.
4:39 of 1st period - Shot Blocked by Kenny Agostino.
5:08 of 1st period - Wrist shot by Marian Studenic.
5:08 of 1st period - Stopped by Eric Comrie without a rebound.
5:09 of 1st period - Corban Knight wins face-off versus Brett Howden in Worcester Sharks zone.
5:45 of 1st period - Slapshot by David Gust.
5:45 of 1st period - Shot Misses the Net.
5:51 of 1st period - John McCarthy is hit by Travis St. Denis and loses puck.
7:07 of 1st period - Kenny Agostino is hit by Marian Studenic and loses puck.
7:30 of 1st period - Snap shot by Brett Pollock.
7:30 of 1st period - Stopped by Eric Comrie with a rebound.
8:08 of 1st period - Brian Gibbons is hit by Brendan Gaunce.
8:30 of 1st period - Backhand shot by David Gust.
8:30 of 1st period - Stopped by Devin Williams without a rebound.
8:31 of 1st period - John McCarthy wins face-off versus Nicolas Roy in Hershey Bears zone.
8:56 of 1st period - Christian Wolanin is hit by Teddy Blueger.
9:06 of 1st period - Slapshot by Christian Wolanin.
9:06 of 1st period - Stopped by Devin Williams with a rebound.
9:12 of 1st period - Remi Elie is hit by Teddy Blueger and loses puck.
10:49 of 1st period - Matt Donovan is hit by John McCarthy and loses puck.
11:11 of 1st period - Slapshot by Matt Donovan.
11:11 of 1st period - Shot Misses the Net.
12:10 of 1st period - Snap shot by Brendan Gaunce.
12:10 of 1st period - Shot Misses the Net.
12:12 of 1st period - Slapshot by Nick DeSimone.
12:12 of 1st period - Shot Blocked by Nikita Jevpalovs.
12:14 of 1st period - Backhand shot by Dalton Prout.
12:14 of 1st period - Stopped by Eric Comrie with a rebound.
12:16 of 1st period - Snap shot by Brendan Gaunce.
12:16 of 1st period - Shot Blocked by Nikita Jevpalovs.
13:03 of 1st period - Wrist shot by Marian Studenic.
13:03 of 1st period - Stopped by Eric Comrie with a rebound.
13:09 of 1st period - Nick DeSimone is hit by Jim O'Brien and loses puck.
13:20 of 1st period - Brendan Gaunce is hit by Remi Elie and loses puck.
13:31 of 1st period - Dalton Prout is hit by Kristians Rubins and loses puck.
13:55 of 1st period - Christian Wolanin is hit by Colby Cave and loses puck.
14:18 of 1st period - Snap shot by Nicolas Roy.
14:18 of 1st period - Stopped by Eric Comrie without a rebound.
14:19 of 1st period - John McCarthy wins face-off versus Brett Howden in Worcester Sharks zone.
14:30 of 1st period - Snap shot by John McCarthy.
14:30 of 1st period - Shot Misses the Net.
14:35 of 1st period - Icing by Cory Conacher.
14:36 of 1st period - Brett Howden wins face-off versus Robert Thomas in Hershey Bears zone.
14:45 of 1st period - Darren Raddysh is hit by Cory Conacher and loses puck.
15:02 of 1st period - Off-side.
15:03 of 1st period - Corban Knight wins face-off versus Brendan Gaunce in neutral zone.
15:19 of 1st period - Slapshot by Dalton Prout.
15:19 of 1st period - Deflect By Brett Kulak.
15:19 of 1st period - Stopped by Eric Comrie with a rebound.
15:51 of 1st period - Brett Kulak is hit by Matt Donovan and loses puck.
15:58 of 1st period - Slapshot by Cory Conacher.
15:58 of 1st period - Stopped by Eric Comrie with a rebound.
16:10 of 1st period - Wrist shot by Brendan Gaunce.
16:10 of 1st period - Stopped by Eric Comrie with a rebound.
16:28 of 1st period - Slapshot by Robert Thomas.
16:28 of 1st period - Stopped by Devin Williams without a rebound.
16:29 of 1st period - Brett Howden wins face-off versus John McCarthy in Hershey Bears zone.
16:38 of 1st period - Wrist shot by Brett Howden.
16:38 of 1st period - Goal by Brett Howden - Hershey Bears : 1 - Worcester Sharks : 0.
16:39 of 1st period - Teddy Blueger wins face-off versus Robert Thomas in neutral zone.
17:05 of 1st period - Kristians Rubins is hit by Brendan Gaunce and loses puck.
18:25 of 1st period - Kristians Rubins is hit by Brett Pollock and loses puck.
18:36 of 1st period - Slapshot by Nick DeSimone.
18:36 of 1st period - Shot Blocked by Remi Elie.
19:26 of 1st period - Slapshot by Travis Boyd.
19:26 of 1st period - Shot Misses the Net.
19:28 of 1st period - Snap shot by Remi Elie.
19:28 of 1st period - Stopped by Devin Williams with a rebound.
19:30 of 1st period - Wrist shot by Corban Knight.
19:30 of 1st period - Stopped by Devin Williams with a rebound.
19:32 of 1st period - Slapshot by Frank Corrado.
19:32 of 1st period - Stopped by Devin Williams without a rebound.
19:33 of 1st period - Brett Howden wins face-off versus Robert Thomas in Hershey Bears zone.
19:44 of 1st period - Wrist shot by Teddy Blueger.
19:44 of 1st period - Stopped by Eric Comrie without a rebound.
19:45 of 1st period - Brett Howden wins face-off versus Robert Thomas in Worcester Sharks zone.
19:46 of 1st period - Snap shot by Cory Conacher.
19:46 of 1st period - Deflect By Kenny Agostino.
19:46 of 1st period - Shot Misses the Net.
19:46 of 1st period - Puck is out of play.
19:47 of 1st period - Kenny Agostino wins face-off versus Brett Howden in Worcester Sharks zone.
19:52 of 1st period - Robert Thomas is hit by Igor Ozhiganov and loses puck.
19:59 of 1st period - Wrist shot by Brett Howden.
19:59 of 1st period - Stopped by Eric Comrie with a rebound.
Goals for this period are 1 for Hershey Bears vs 0 for Worcester Sharks.
Shots for this period are 12 for Hershey Bears vs 6 for Worcester Sharks.

2nd period


0:01 of 2nd period - Brett Howden wins face-off versus Robert Thomas in neutral zone.
0:04 of 2nd period - Christian Wolanin is hit by Brett Howden and loses puck.
0:36 of 2nd period - Wrist shot by Brendan Gaunce.
0:36 of 2nd period - Shot Misses the Net.
0:52 of 2nd period - Snap shot by David Gust.
0:52 of 2nd period - Shot Blocked by Colby Sissons.
1:20 of 2nd period - Wrist shot by Kenny Agostino.
1:20 of 2nd period - Shot Blocked by Nick DeSimone.
1:30 of 2nd period - Snap shot by Kenny Agostino.
1:30 of 2nd period - Stopped by Devin Williams without a rebound.
1:31 of 2nd period - Garrett Pilon wins face-off versus Brett Howden in Hershey Bears zone.
1:38 of 2nd period - Wrist shot by Kenny Agostino.
1:38 of 2nd period - Stopped by Devin Williams with a rebound.
1:40 of 2nd period - Snap shot by Kenny Agostino.
1:40 of 2nd period - Stopped by Devin Williams without a rebound.
1:41 of 2nd period - Brett Howden wins face-off versus Corban Knight in Hershey Bears zone.
2:16 of 2nd period - Snap shot by Colby Cave.
2:16 of 2nd period - Deflect By Brendan Gaunce.
2:16 of 2nd period - Stopped by Eric Comrie without a rebound.
2:17 of 2nd period - John McCarthy wins face-off versus Brendan Gaunce in Worcester Sharks zone.
2:17 of 2nd period - John McCarthy is hit by Nick DeSimone.
2:25 of 2nd period - Travis St. Denis is hit by Nikita Jevpalovs and loses puck.
2:44 of 2nd period - Robert Thomas is hit by Teddy Blueger and loses puck.
3:13 of 2nd period - Snap shot by Remi Elie.
3:13 of 2nd period - Stopped by Devin Williams without a rebound.
3:14 of 2nd period - John McCarthy wins face-off versus Brendan Gaunce in Hershey Bears zone.
4:03 of 2nd period - Ross Colton is hit by Travis Boyd and loses puck.
5:10 of 2nd period - Brian Gibbons is hit by Brett Pollock.
6:20 of 2nd period - Brady Brassart is hit by Nick DeSimone and loses puck.
7:03 of 2nd period - Wrist shot by Cory Conacher.
7:03 of 2nd period - Shot Misses the Net.
7:17 of 2nd period - Kristians Rubins is hit by Brendan Gaunce and loses puck.
8:13 of 2nd period - Wrist shot by Nicolas Roy.
8:13 of 2nd period - Stopped by Eric Comrie with a rebound.
8:49 of 2nd period - Remi Elie is hit by Teddy Blueger and loses puck.
10:04 of 2nd period - Matheson Iacopelli is hit by Christian Wolanin and loses puck.
10:27 of 2nd period - Kenny Agostino is hit by Colby Sissons and loses puck.
10:36 of 2nd period - Marian Studenic is hit by Jim O'Brien and loses puck.
11:19 of 2nd period - Brett Pollock is hit by Brian Gibbons and loses puck.
11:28 of 2nd period - Matheson Iacopelli is hit by Brady Brassart and loses puck.
11:45 of 2nd period - Wrist shot by Cory Conacher.
11:45 of 2nd period - Shot Misses the Net.
12:04 of 2nd period - Wrist shot by Travis Boyd.
12:04 of 2nd period - Shot Blocked by Nick DeSimone.
12:10 of 2nd period - Nicolas Roy is hit by James de Haas and loses puck.
12:17 of 2nd period - James de Haas is hit by Nicolas Roy and loses puck.
12:47 of 2nd period - Kristians Rubins is hit by Matheson Iacopelli and loses puck.
12:54 of 2nd period - Boo Nieves is hit by Kenny Agostino and loses puck.
13:07 of 2nd period - Snap shot by Nikita Jevpalovs.
13:07 of 2nd period - Stopped by Devin Williams with a rebound.
13:09 of 2nd period - Backhand shot by Frank Corrado.
13:09 of 2nd period - Shot Misses the Net.
13:11 of 2nd period - Slapshot by Frank Corrado.
13:11 of 2nd period - Stopped by Devin Williams without a rebound.
13:12 of 2nd period - Brett Howden wins face-off versus Corban Knight in Hershey Bears zone.
13:17 of 2nd period - Wrist shot by Brett Howden.
13:17 of 2nd period - Stopped by Eric Comrie with a rebound.
13:19 of 2nd period - Wrist shot by Cory Conacher.
13:19 of 2nd period - Shot Blocked by Corban Knight.
13:21 of 2nd period - Snap shot by Matt Donovan.
13:21 of 2nd period - Stopped by Eric Comrie with a rebound.
13:23 of 2nd period - Snap shot by Brett Howden.
13:23 of 2nd period - Stopped by Eric Comrie without a rebound.
13:24 of 2nd period - Corban Knight wins face-off versus Teddy Blueger in Worcester Sharks zone.
13:28 of 2nd period - Minor Penalty to Cory Conacher for Tripping.
13:29 of 2nd period - Colby Cave wins face-off versus Robert Thomas in Hershey Bears zone.
13:37 of 2nd period - Wrist shot by Robert Thomas.
13:37 of 2nd period - Shot Blocked by Colby Cave.
13:39 of 2nd period - Slapshot by Brett Kulak.
13:39 of 2nd period - Shot Blocked by Teddy Blueger.
13:39 of 2nd period - Teddy Blueger from Hershey Bears is injured at 13:39 of 2nd period (Left Eye).
13:40 of 2nd period - Colby Cave wins face-off versus Robert Thomas in Hershey Bears zone.
14:29 of 2nd period - Icing by Remi Elie.
14:30 of 2nd period - Corban Knight wins face-off versus Nicolas Roy in Worcester Sharks zone.
14:34 of 2nd period - Off-side.
14:35 of 2nd period - Nicolas Roy wins face-off versus Robert Thomas in neutral zone.
15:10 of 2nd period - Slapshot by Colby Cave.
15:10 of 2nd period - Shot Misses the Net.
15:28 of 2nd period - Penalty to Cory Conacher is over, Cory Conacher is back on ice.
15:46 of 2nd period - Snap shot by Brett Howden.
15:46 of 2nd period - Deflect By Cory Conacher.
15:46 of 2nd period - Stopped by Eric Comrie without a rebound.
15:47 of 2nd period - Corban Knight wins face-off versus Brett Howden in Worcester Sharks zone.
15:56 of 2nd period - Slapshot by Brett Kulak.
15:56 of 2nd period - Stopped by Devin Williams without a rebound.
15:57 of 2nd period - Corban Knight wins face-off versus Brett Howden in Hershey Bears zone.
16:00 of 2nd period - Snap shot by Remi Elie.
16:00 of 2nd period - Shot Blocked by Riley Stillman.
16:04 of 2nd period - Snap shot by Travis Boyd.
16:04 of 2nd period - Stopped by Devin Williams with a rebound.
16:06 of 2nd period - Slapshot by Christian Wolanin.
16:06 of 2nd period - Shot Misses the Net.
16:08 of 2nd period - Wrist shot by Travis Boyd.
16:08 of 2nd period - Stopped by Devin Williams with a rebound.
16:10 of 2nd period - Snap shot by Corban Knight.
16:10 of 2nd period - Shot Misses the Net.
16:12 of 2nd period - Snap shot by Corban Knight.
16:12 of 2nd period - Shot Misses the Net.
16:28 of 2nd period - Snap shot by Remi Elie.
16:28 of 2nd period - Goal by Remi Elie - Hershey Bears : 1 - Worcester Sharks : 1.
16:29 of 2nd period - Travis St. Denis wins face-off versus Robert Thomas in neutral zone.
16:58 of 2nd period - Snap shot by Remi Elie.
16:58 of 2nd period - Shot Misses the Net.
17:00 of 2nd period - Slapshot by Brett Kulak.
17:00 of 2nd period - Shot Misses the Net.
17:04 of 2nd period - Wrist shot by Christian Wolanin.
17:04 of 2nd period - Stopped by Devin Williams with a rebound.
17:17 of 2nd period - Off-side.
17:18 of 2nd period - Boo Nieves wins face-off versus John McCarthy in neutral zone.
17:21 of 2nd period - Slapshot by Matt Donovan.
17:21 of 2nd period - Deflect By Boo Nieves.
17:21 of 2nd period - Shot Misses the Net.
17:21 of 2nd period - Puck is out of play.
17:22 of 2nd period - Brett Howden wins face-off versus Robert Thomas in Worcester Sharks zone.
18:33 of 2nd period - Snap shot by Cory Conacher.
18:33 of 2nd period - Shot Blocked by Christian Wolanin.
18:35 of 2nd period - Slapshot by Matt Donovan.
18:35 of 2nd period - Shot Blocked by Brett Kulak.
18:37 of 2nd period - Snap shot by Cory Conacher.
18:37 of 2nd period - Stopped by Eric Comrie with a rebound.
18:39 of 2nd period - Slapshot by Matt Donovan.
18:39 of 2nd period - Shot Blocked by Jim O'Brien.
18:41 of 2nd period - Slapshot by Matt Donovan.
18:41 of 2nd period - Stopped by Eric Comrie with a rebound.
18:51 of 2nd period - Christian Wolanin is hit by Travis St. Denis and loses puck.
19:00 of 2nd period - Travis St. Denis is hit by Brett Kulak and loses puck.
19:49 of 2nd period - Wrist shot by Marian Studenic.
19:49 of 2nd period - Stopped by Eric Comrie with a rebound.
19:56 of 2nd period - Minor Penalty to Darren Raddysh for Hooking.
19:57 of 2nd period - Cory Conacher wins face-off versus Corban Knight in Worcester Sharks zone.
Goals for this period are 0 for Hershey Bears vs 1 for Worcester Sharks.
Shots for this period are 9 for Hershey Bears vs 11 for Worcester Sharks.

3rd period


0:01 of 3rd period - Brett Howden wins face-off versus Corban Knight in neutral zone.
0:15 of 3rd period - Wrist shot by Brett Howden.
0:15 of 3rd period - Deflect By Christian Wolanin.
0:15 of 3rd period - Goal by Brett Howden - Hershey Bears : 2 - Worcester Sharks : 1.
0:16 of 3rd period - Brett Howden wins face-off versus Robert Thomas in neutral zone.
0:41 of 3rd period - Brendan Gaunce is hit by Darren Raddysh and loses puck.
0:50 of 3rd period - Snap shot by Travis Boyd.
0:50 of 3rd period - Stopped by Devin Williams with a rebound.
1:04 of 3rd period - Snap shot by Matheson Iacopelli.
1:04 of 3rd period - Stopped by Eric Comrie without a rebound.
1:05 of 3rd period - Brian Gibbons wins face-off versus Boo Nieves in Worcester Sharks zone.
1:41 of 3rd period - Backhand shot by Travis Boyd.
1:41 of 3rd period - Stopped by Devin Williams without a rebound.
1:42 of 3rd period - Brendan Gaunce wins face-off versus Robert Thomas in Hershey Bears zone.
1:42 of 3rd period - Brendan Gaunce is hit by Brian Gibbons.
1:52 of 3rd period - Snap shot by Brendan Gaunce.
1:52 of 3rd period - Shot Misses the Net.
2:01 of 3rd period - Minor Penalty to Brendan Gaunce for Hooking.
2:02 of 3rd period - Colby Cave wins face-off versus Robert Thomas in Hershey Bears zone.
2:14 of 3rd period - Wrist shot by Robert Thomas.
2:14 of 3rd period - Shot Misses the Net.
2:16 of 3rd period - Slapshot by Christian Wolanin.
2:16 of 3rd period - Shot Misses the Net.
2:28 of 3rd period - Corban Knight is hit by Dalton Prout and loses puck.
3:14 of 3rd period - Slapshot by Ross Colton.
3:14 of 3rd period - Shot Misses the Net.
4:01 of 3rd period - Penalty to Brendan Gaunce is over, Brendan Gaunce is back on ice.
4:14 of 3rd period - Brendan Gaunce is hit by John McCarthy and loses puck.
4:21 of 3rd period - Snap shot by Riley Stillman.
4:21 of 3rd period - Deflect By Brendan Gaunce.
4:21 of 3rd period - Shot Misses the Net.
4:21 of 3rd period - Puck is out of play.
4:22 of 3rd period - Boo Nieves wins face-off versus Garrett Pilon in Worcester Sharks zone.
4:25 of 3rd period - Wrist shot by Brett Pollock.
4:25 of 3rd period - Deflect By Boo Nieves.
4:25 of 3rd period - Stopped by Eric Comrie with a rebound.
4:37 of 3rd period - Snap shot by Boo Nieves.
4:37 of 3rd period - Stopped by Eric Comrie with a rebound.
5:35 of 3rd period - Snap shot by Nikita Jevpalovs.
5:35 of 3rd period - Shot Misses the Net.
5:50 of 3rd period - Icing by Brett Kulak.
5:51 of 3rd period - Garrett Pilon wins face-off versus Brendan Gaunce in Worcester Sharks zone.
5:56 of 3rd period - Jim O'Brien is hit by Igor Ozhiganov and loses puck.
6:05 of 3rd period - Snap shot by Brendan Gaunce.
6:05 of 3rd period - Deflect By Travis St. Denis.
6:05 of 3rd period - Shot Blocked by Travis Boyd.
6:05 of 3rd period - Puck is out of play.
6:06 of 3rd period - Corban Knight wins face-off versus Brett Howden in Worcester Sharks zone.
6:18 of 3rd period - Icing by Nicolas Roy.
6:19 of 3rd period - Corban Knight wins face-off versus Brett Howden in Hershey Bears zone.
6:26 of 3rd period - Christian Wolanin is hit by Cory Conacher and loses puck.
6:31 of 3rd period - Snap shot by Brett Howden.
6:31 of 3rd period - Shot Misses the Net.
7:13 of 3rd period - Slapshot by Matt Donovan.
7:13 of 3rd period - Shot Blocked by Christian Wolanin.
7:17 of 3rd period - Snap shot by Ross Colton.
7:17 of 3rd period - Goal by Ross Colton - Hershey Bears : 3 - Worcester Sharks : 1.
7:18 of 3rd period - Brett Howden wins face-off versus Corban Knight in neutral zone.
7:33 of 3rd period - Wrist shot by Travis Boyd.
7:33 of 3rd period - Shot Misses the Net.
7:56 of 3rd period - Kristians Rubins is hit by Brendan Gaunce.
8:23 of 3rd period - Nikita Jevpalovs is hit by Matheson Iacopelli and loses puck.
8:43 of 3rd period - Igor Ozhiganov is hit by John McCarthy and loses puck.
8:50 of 3rd period - Wrist shot by John McCarthy.
8:50 of 3rd period - Shot Misses the Net.
9:06 of 3rd period - Slapshot by John McCarthy.
9:06 of 3rd period - Goal by John McCarthy - Hershey Bears : 3 - Worcester Sharks : 2.
9:07 of 3rd period - Brett Howden wins face-off versus Robert Thomas in neutral zone.
9:21 of 3rd period - Off-side.
9:22 of 3rd period - Corban Knight wins face-off versus Brendan Gaunce in neutral zone.
11:24 of 3rd period - Wrist shot by John McCarthy.
11:24 of 3rd period - Shot Misses the Net.
11:26 of 3rd period - Snap shot by John McCarthy.
11:26 of 3rd period - Shot Misses the Net.
12:24 of 3rd period - Wrist shot by Kenny Agostino.
12:24 of 3rd period - Shot Misses the Net.
13:04 of 3rd period - Wrist shot by Colby Cave.
13:04 of 3rd period - Shot Misses the Net.
13:06 of 3rd period - Wrist shot by Travis St. Denis.
13:06 of 3rd period - Stopped by Eric Comrie without a rebound.
13:07 of 3rd period - Brendan Gaunce wins face-off versus Robert Thomas in Worcester Sharks zone.
13:08 of 3rd period - Snap shot by Colby Cave.
13:08 of 3rd period - Goal by Colby Cave - Hershey Bears : 4 - Worcester Sharks : 2.
13:09 of 3rd period - Brett Howden wins face-off versus Robert Thomas in neutral zone.
13:22 of 3rd period - Snap shot by Brett Howden.
13:22 of 3rd period - Deflect By Cory Conacher.
13:22 of 3rd period - Stopped by Eric Comrie with a rebound.
13:24 of 3rd period - Snap shot by Cory Conacher.
13:24 of 3rd period - Goal by Cory Conacher - Hershey Bears : 5 - Worcester Sharks : 2.
13:25 of 3rd period - Robert Thomas wins face-off versus Brett Howden in neutral zone.
13:28 of 3rd period - Slapshot by Darren Raddysh.
13:28 of 3rd period - Stopped by Devin Williams without a rebound.
13:29 of 3rd period - Brett Howden wins face-off versus Robert Thomas in Hershey Bears zone.
13:29 of 3rd period - Brett Howden is hit by Darren Raddysh.
13:43 of 3rd period - Slapshot by Cory Conacher.
13:43 of 3rd period - Stopped by Eric Comrie without a rebound.
13:44 of 3rd period - Corban Knight wins face-off versus Brendan Gaunce in Worcester Sharks zone.
16:11 of 3rd period - Minor Penalty to Travis St. Denis for Elbowing.
16:12 of 3rd period - Colby Cave wins face-off versus Corban Knight in Hershey Bears zone.
16:21 of 3rd period - Corban Knight is hit by Nick DeSimone and loses puck.
17:14 of 3rd period - Igor Ozhiganov is hit by Travis Boyd and loses puck.
17:49 of 3rd period - Kenny Agostino is hit by Cory Conacher.
18:11 of 3rd period - Penalty to Travis St. Denis is over, Travis St. Denis is back on ice.
18:18 of 3rd period - Slapshot by John McCarthy.
18:18 of 3rd period - Shot Misses the Net.
18:20 of 3rd period - Snap shot by Brady Brassart.
18:20 of 3rd period - Shot Misses the Net.
18:22 of 3rd period - Slapshot by Frank Corrado.
18:22 of 3rd period - Stopped by Devin Williams without a rebound.
18:23 of 3rd period - Boo Nieves wins face-off versus John McCarthy in Hershey Bears zone.
18:32 of 3rd period - Wrist shot by John McCarthy.
18:32 of 3rd period - Shot Misses the Net.
18:34 of 3rd period - Wrist shot by Kristians Rubins.
18:34 of 3rd period - Shot Misses the Net.
18:36 of 3rd period - Wrist shot by Frank Corrado.
18:36 of 3rd period - Shot Blocked by Colby Sissons.
18:38 of 3rd period - Wrist shot by David Gust.
18:38 of 3rd period - Stopped by Devin Williams without a rebound.
18:39 of 3rd period - Brendan Gaunce wins face-off versus Robert Thomas in Hershey Bears zone.
19:06 of 3rd period - Brett Kulak is hit by Ross Colton.
19:52 of 3rd period - Wrist shot by Colby Cave.
19:52 of 3rd period - Stopped by Eric Comrie without a rebound.
19:53 of 3rd period - Corban Knight wins face-off versus Brendan Gaunce in Worcester Sharks zone.
Goals for this period are 4 for Hershey Bears vs 1 for Worcester Sharks.
Shots for this period are 11 for Hershey Bears vs 6 for Worcester Sharks.